 Dungeon Crawl Stone Soup version 0.23.2-40-g277498a001 (webtiles) character file.

Game seed: 732447285136486719

706 Frank2 the Chopper (level 7, 0/57 HPs)
             Began as a Demigod Gladiator on Aug 31, 2019.
             Slain by an orc warrior
             ... wielding a +0 hand axe
              (14 damage)
             ... on level 5 of the Dungeon.
             The game lasted 00:04:51 (3135 turns).

Frank2 the Chopper (Demigod Gladiator)              Turns: 3135, Time: 00:04:52

Health: 0/57       AC:  7    Str: 19    XL:     7   Next: 16%
Magic:  9/9        EV: 19    Int: 12    God:
Gold:   178        SH:  0    Dex: 24    Spells: 6/6 levels left

rFire    . . .     SeeInvis .   a - +0 war axe
rCold    . . .     Gourm    .   (no shield)
rNeg     . . .     Faith    .   j - +0 ring mail
rPois    .         Spirit   .   c - +0 helmet
rElec    .         Reflect  .   (no cloak)
rCorr    .         Harm     .   (no gloves)
MR       .....                  h - +0 pair of boots
Stlth    ++........             (no amulet)
HPRegen  0.19/turn              (no ring)
MPRegen  0.11/turn              (no ring)

@: agile
A: high mp 1
a: no special abilities


You were on level 5 of the Dungeon.
You were hungry.

You visited 1 branch of the dungeon, and saw 5 of its levels.

You collected 178 gold pieces.

Inventory:

Hand Weapons
 a - a +0 war axe (weapon)
Missiles
 d - a throwing net (quivered)
Armour
 c - a +0 helmet (worn)
 h - a +0 pair of boots (worn)
 j - a +0 ring mail (worn)
Wands
 i - a wand of paralysis (9)
Scrolls
 b - 4 scrolls of identify
 g - a scroll of fog
 k - 2 scrolls of teleportation
 m - a scroll of magic mapping
 s - a scroll of remove curse
Potions
 e - 2 potions of curing
 l - a potion of resistance
 q - a potion of agility
 r - a potion of berserk rage {unknown}
Comestibles
 f - 4 rations


   Skills:
 + Level 3.2 Fighting
 + Level 5.9 Axes
 - Level 1.7 Throwing
 + Level 3.0 Armour
 + Level 4.0 Dodging


You had 6 spell levels left.
You didn't know any spells.
Your spell library was empty.

Dungeon Overview and Level Annotations

Branches:
Dungeon (5/15)
 Temple: D:4-7

Shops:
D:4 (%=


Innate Abilities, Weirdness & Mutations

You have an increased reservoir of magic. (+10% MP)


Message History

Deactivating autopickup; reactivate with Ctrl-A.
The orc completely misses you. The orc warrior barely misses you.
Something closely misses you.
You closely miss the orc.
The orc is heavily wounded.
You hit something.
Reactivating autopickup.
You feel a bit more experienced.
You closely miss the orc warrior. The orc hits you but does no damage.
The orc warrior hits you with a +0 hand axe.
* * * LOW HITPOINT WARNING * * *
A hound comes into view.
The hound barks!
You hit the orc but do no damage.
The orc is heavily wounded.
You barely miss the orc wizard.
You hit the orc warrior but do no damage.
The orc wizard closely misses you. The orc misses you.
The orc warrior hits you with a +0 hand axe!
You die...

## ##...## #...
...... #...
=.h... #..
#...#
##..###...###+#
#)........$.>..
#......<.?.....
#...oo.......<.
#...@)....>....
#....o...).....
##.......######
#########


You could see an orc warrior, a hound, an orc wizard and an orc.

Vanquished Creatures
  Grinder (D:5)
  2 ogres (D:4)
  3 howler monkeys (D:4)
  A bullfrog skeleton (D:5)
  3 hounds
  An orc wizard (D:5)
  A gnoll (D:4)
  An adder (D:4)
  2 dart slugs
  2 leopard geckos (D:3)
  2 orcs
  2 giant cockroaches (D:1)
  4 goblins
  6 hobgoblins
  7 jackals
  2 ball pythons
  7 bats
  3 frilled lizards
  8 kobolds
  2 rats
60 creatures vanquished.

Notes
Turn   | Place    | Note
-------+----------+-------------------------------------------
     0 | D:1      | Frank2 the Demigod Gladiator began the quest for the Orb.
     0 | D:1      | Reached XP level 1. HP: 17/17 MP: 3/3
   174 | D:1      | Reached skill level 3 in Axes
   283 | D:1      | Reached XP level 2. HP: 24/24 MP: 4/4
   916 | D:2      | Found a hide-covered altar of Uskayaw.
   952 | D:2      | Found a shattered altar of Ashenzari.
  1053 | D:2      | You fall through a shaft!
  1093 | D:3      | Reached XP level 3. HP: 28/29 MP: 5/5
  1333 | D:3      | Found a deep blue altar of Sif Muna.
  1339 | D:3      | Found a burning altar of Makhleb.
  2089 | D:4      | Found Lity's Antique Weapon Emporium.
  2092 | D:4      | Found Rogev's Food Boutique.
  2133 | D:4      | Reached skill level 1 in Armour
  2133 | D:4      | Reached XP level 4. HP: 5/36 MP: 6/6
  2136 | D:4      | Reached skill level 4 in Axes
  2142 | D:4      | Noticed an ogre
  2143 | D:4      | Reached XP level 5. HP: 6/42 MP: 7/7
  2160 | D:4      | Killed an ogre
  2428 | D:4      | Noticed an ogre
  2460 | D:4      | Killed an ogre
  2460 | D:4      | Reached skill level 5 in Axes
  2460 | D:4      | Reached XP level 6. HP: 30/50 MP: 8/8
  2481 | D:4      | Found Jorhann's Jewellery Shoppe.
  2696 | D:4      | Found an iron altar of Okawaru.
  2696 | D:4      | Found a bloodstained altar of Trog.
  3086 | D:5      | Entered Level 5 of the Dungeon
  3086 | D:5      | Noticed Grinder
  3094 | D:5      | Paralysed by Grinder for 3 turns
  3105 | D:5      | Paralysed by Grinder for 6 turns
  3126 | D:5      | Killed Grinder
  3126 | D:5      | Reached XP level 7. HP: 4/57 MP: 9/9
  3128 | D:5      | HP: 1/57 [orc wizard/puff of flame (3)]
  3135 | D:5      | Slain by an orc warrior

Skill      XL: |  1  2  3  4  5  6  7 |
---------------+----------------------+-----
Axes           | 3 4 5 |  5.9
Dodging        | 3 4 |  4.0
Fighting       | 2 3 |  3.2
Armour         | 1 2 3 |  3.0
Throwing       | |  1.7

Action                   |  1- 3 |  4- 6 |  7- 9 || total
-------------------------+-------+-------+-------++-------
Melee: War axe           |   129 |    66 |     6 ||   201
Throw: Throwing net      |       |     2 |       ||     2
  Use: Scroll            |     7 |       |       ||     7
       Potion            |     1 |     4 |     3 ||     8
 Stab: Sleeping          |     3 |       |       ||     3
       Distracted        |       |     1 |       ||     1
  Eat: Chunk             |     2 |     1 |       ||     3
       Ration            |       |     1 |       ||     1
Armor: Leather armour    |    11 |       |       ||    11
       Ring mail         |    61 |    23 |     1 ||    85
Dodge: Dodged            |   106 |    61 |    12 ||   179
